 Dungeon Crawl Stone Soup version 0.28-a0-957-g42eb19b844 (webtiles) character file.

Game seed: 14563235498897998591

27 meatgazer the Skirmisher (level 2, -5/28 HPs)
             Began as a Minotaur Abyssal Knight on Nov 30, 2021.
             Was a Follower of Lugonu.
             Slain by a small abomination (19 damage)
             ... on level 1 of the Abyss.
             The game lasted 00:00:10 (70 turns).

meatgazer the Skirmisher (Minotaur Abyssal Knight)    Turns: 70, Time: 00:00:11

Health: -5/28      AC:  3    Str: 17    XL:     2   Next: 93%
Magic:  2/2        EV: 11    Int:  7    God:    Lugonu [*.....]
Gold:   0          SH:  0    Dex: 10    Spells: 1/1 levels left

rFire   . . .      SeeInvis .   a - +1 hand axe
rCold   . . .      Faith    .   (no shield)
rNeg    . . .      Spirit   .   b - +0 leather armour
rPois   .          Reflect  .   (helmet restricted)
rElec   .          Harm     .   (no cloak)
rCorr   .          Rampage  .   (no gloves)
Will    .....                   (no boots)
Stlth   +.........              (no amulet)
HPRegen 0.09/turn               (no ring)
MPRegen 0.08/turn               (no ring)

@: no status effects
A: horns 2, retaliatory headbutt
a: Renounce Religion, Depart the Abyss


You were on level 1 of the Abyss.
You worshipped Lugonu.
Lugonu was aware of your devotion.
You visited 0 branches of the dungeon, and saw 0 of its levels.
You visited the Abyss 1 time.

Inventory:

Hand Weapons
 a - a +1 hand axe (weapon)
Armour
 b - a +0 leather armour (worn)


   Skills:
 + Level 4.5 Fighting
 + Level 2.7 Axes
 + Level 2.7 Armour
 + Level 1.1 Dodging
 + Level 2.0 Invocations


You had one spell level left.
You didn't know any spells.
Your spell library was empty.

Dungeon Overview and Level Annotations

Branches:
Dungeon (0/15)

Altars:


Innate Abilities, Weirdness & Mutations

You have a pair of horns on your head.
You reflexively headbutt those who attack you in melee.


Message History

Welcome, meatgazer the Minotaur Abyssal Knight.
You feel drawn to the Orb of Zot, downwards into the unfathomable depths...
Lugonu says: Depart the Abyss and spread corruption, my servant! (use the ability menu to exit the Abyss) Press ? for a list of commands and other information.
Found a corrupted altar of Lugonu.
There is a corrupted altar of Lugonu here.
Found a gateway leading out of the Abyss.
Found 11 stones.
An iron imp comes into view.
The iron imp shouts!
The iron imp misses you. You furiously retaliate!
You headbutt the iron imp! You closely miss the iron imp.
The iron imp is heavily wounded.
The iron imp barely misses you. You furiously retaliate!
You headbutt the iron imp!
You kill the iron imp!
Your Fighting skill increases to level 4!
Your Invocations skill increases to level 2!
You have reached level 2!
The substance of the Abyss twists violently, and a gateway leading out appears!
There is a gateway leading out of the Abyss here.
A small abomination comes into view.
A small abomination is nearby!
You closely miss the small abomination.
The small abomination barely misses you.
You closely miss the small abomination. The small abomination hits you!
Ouch! That really hurt!
You hit the small abomination.
You headbutt the small abomination, but do no damage.
The small abomination is moderately damaged.
The small abomination hits you!!
Ouch! That really hurt!
You die...

. # ...#......#...#
# # .#
.##§§#.#.#.##
......#. #§## #..#
#. ... .#...#..#.##
...#..#..#..##..#.#
.#.## #
...####...## ....
#. .##....# # #.
...##.###..#.#
#.... ..#..###@##
.. . .##......x.# .
#...#.##.###.# ##
##.####..# #.# ..#
## #.#. . . #


You could see a small abomination.

Vanquished Creatures
  An iron imp (Abyss:1)
1 creature vanquished.

Notes
Turn   | Place    | Note
-------+----------+-------------------------------------------
     0 | Abyss:1  | meatgazer the Minotaur Abyssal Knight began the quest for
                  | the Orb.
     0 | Abyss:1  | Reached XP level 1. HP: 19/19 MP: 1/1
    52 | Abyss:1  | Noticed an iron imp
    54 | Abyss:1  | Killed an iron imp
    55 | Abyss:1  | Reached skill level 4 in Fighting
    55 | Abyss:1  | Reached XP level 2. HP: 28/28 MP: 2/2
    70 | Abyss:1  | Slain by a small abomination

Illustrated notes

Levels and vault maps discovered:
Abyss:1:  base: Temple, hangedman_abyss_stitches_cave, base:
Temple

Skill      XL: |  1 |
---------------+----+-----
Fighting       | 4 |  4.5
Invocations    | 2 |  2.0
Axes           | |  2.7
Armour         | |  2.7
Dodging        | |  1.1

Action                   || total
-------------------------++-------
Melee: Hand axe          ||     4
       Headbutt          ||     1
Dodge: Dodged            ||     3

Table legend: (Time is in decaauts)
 A = Elapsed time spent in this place.
 B = Non-inter-level travel time spent in this place.
 C = Inter-level travel time spent in this place.
 D = Time resting spent in this place.
 E = Time spent auto-exploring this place.
 F = Levels seen in this place.
 G = Mean time per level.
                   A        B        C        D        E       F      G
               +--------+--------+--------+--------+--------+-----+--------+
         Total |     70 |     70 |      0 |      0 |     62 |   1 |   70.0 |
         Abyss |     70 |     70 |      0 |      0 |     62 |   1 |   70.0 |
               +--------+--------+--------+--------+--------+-----+--------+

Top non-repeatable levels by time:
 Abyss:1: 70 daAuts
